 Dungeon Crawl Stone Soup version 0.19.0-19-g8c6edcc (webtiles) character file.

1276 mmcf the Ruffian (level 8, -4/79 HPs)
             Began as a Troll Monk on Nov 13, 2016.
             Was a Believer of Okawaru.
             Slain by a white ugly thing (20 damage)
             ... on level 6 of the Dungeon.
             The game lasted 00:12:17 (4546 turns).

mmcf the Ruffian (Troll Monk)                       Turns: 4546, Time: 00:12:18

Health: -4/79      AC:  7    Str: 20      XL:     8   Next: 29%
Magic:  7/7        EV: 12    Int:  6      God:    Okawaru [**....]
Gold:   300        SH:  0    Dex: 13 (14) Spells: 0 memorised, 7 levels left

rFire  . . .     SeeInvis +     a - +1 lightning rod (12/12)
rCold  . . .     Gourm    +     u - +1 robe
rNeg   . . .     Faith    .     (no shield)
rPois  +         Spirit   .     (helmet restricted)
rElec  .         Reflect  .     c - +0 cloak
rCorr  .         Harm     .     (gloves unavailable)
MR     .....                    (boots unavailable)
Stlth  ++........               r - amulet of rage
                                (no ring)
                                i - ring of see invisible

@: no status effects
A: unfitting armour, claws 3, fast metabolism 3, gourmand, poison resistance,
regeneration 1, shaggy fur 1, tough skin 2
a: Heroism, Renounce Religion, Evoke Berserk Rage


You were on level 6 of the Dungeon.
You worshipped Okawaru.
Okawaru was pleased with you.
You were not hungry.

You visited 1 branch of the dungeon, and saw 7 of its levels.
You also visited: Sewer.

You collected 300 gold pieces.

Inventory:

Hand Weapons
 e - a +0 flail
Missiles
 j - 4 javelins (quivered)
Armour
 c - a +0 cloak (worn)
 u - a +1 robe (worn)
Rods
 a - a +1 lightning rod (12/12) (in claw)
   (You found it on level 5 of the Dungeon)
Jewellery
 i - a ring of see invisible (left claw)
 r - an amulet of rage (around neck)
Wands
 h - a wand of disintegration (7/24)
 q - a wand of flame (36/48)
 w - a wand of acid (2/15)
Scrolls
 d - 6 scrolls of teleportation
 f - 2 scrolls of remove curse
 s - a scroll of enchant armour
 t - a scroll of torment {unknown}
 v - a scroll of random uselessness {unknown}
Potions
 k - 4 potions of flight
 l - a potion of brilliance
 m - 7 potions of curing
 n - a potion of cancellation
 p - a potion of degeneration {unknown}
Comestibles
 b - 6 bread rations
 g - 2 slices of pizza
 o - a meat ration


   Skills:
 + Level 4.9 Fighting
 - Level 4.5 Dodging
 - Level 1.0 Stealth
 * Level 7.7 Unarmed Combat
 + Level 1.2 Invocations


You had 7 spell levels left.
You didn't know any spells.

Dungeon Overview and Level Annotations

Branches:
Dungeon (7/15)             Temple (0/1) D:5

Altars:
Cheibriados
Elyvilon
Okawaru
Qazlal
Ru
Vehumet
The Shining One


Innate Abilities, Weirdness & Mutations

You are too large for most types of armour.
You have claws for hands.
Your metabolism is lightning-fast.
You like to eat raw meat.
Your natural rate of healing is unusually fast.
You are covered in fur. (AC +1)
You have very tough skin. (AC +2)
Your system is resistant to poisons. (rPois)


Message History

You feel sick.
You feel sick.
You feel sick.
You are no longer poisoned.
You see here 19 stones.
A white ugly thing comes into view.
The white ugly thing gurgles horribly!
The white ugly thing trunk-slaps you. The white ugly thing freezes you!
You barely miss the white ugly thing. The white ugly thing trunk-slaps you!
The white ugly thing freezes you!!
You claw the white ugly thing!
The white ugly thing is lightly wounded.
You mangle the white ugly thing!! Your claw misses the white ugly thing.
The white ugly thing is heavily wounded.
The white ugly thing closely misses you.
a - a +1 lightning rod (12/12) (in claw)
The white ugly thing trunk-slaps you!
* * * LOW HITPOINT WARNING * * *
The white ugly thing freezes you!!
You die...

##...##..........#
#..#####..)......#*
##.## ##....###..#*
##.## ##....#
*#..#* ###..#
##.....# *#..#*
###...## #......#
*#..# ##....##
##.####.# *#..
##....## ##.## *.#*
**, #....## **#@##
*..* ** ##...##
*#.u## **.# *
###...## **#...*
*,* #....##
**....#* **,**
.....# *#...##*
*,>,* * ....##
**...#*
**,,,******* ..###
**,...*
*,,,,,,,,,,, ###
*,,..,*
**,,,,,,,,,,
**,,,,**
**********,


You could see a white ugly thing.

Vanquished Creatures
  Sigmund (D:4)
  A sky beast (D:5)
  An ogre (D:4)
  A phantom (D:4)
  A big kobold (Sewer)
  A bullfrog (D:5)
  2 scorpions
  A quasit (D:5)
  A jelly (D:5)
  2 orc priests (D:3)
  2 iguanas
  An orc wizard (D:3)
  3 worker ants
  A howler monkey zombie (D:5)
  Robin (D:4)
  A worker ant zombie (D:6)
  9 gnolls
  6 adders
  2 river rats
  3 shadow imps
  2 oozes
  5 worms
  A dart slug (D:1)
  3 leopard geckos
  8 orcs (D:3)
  3 giant cockroaches
  14 goblins
  12 hobgoblins
  5 jackals
  3 quokkas
  A ball python (D:6)
  4 bats
  5 frilled lizards
  A giant cockroach zombie (D:5)
  11 kobolds
  A leopard gecko skeleton (D:5)
  A quokka skeleton (D:5)
  11 rats
132 creatures vanquished.

Notes
Turn   | Place    | Note
-------+----------+-------------------------------------------
     0 | D:1      | mmcf the Troll Monk began the quest for the Orb.
     0 | D:1      | Reached XP level 1. HP: 22/22 MP: 0/0
   159 | D:2      | Reached XP level 2. HP: 29/29 MP: 1/1
   263 | D:1      | Reached XP level 3. HP: 36/36 MP: 2/2
   902 | D:2      | Reached XP level 4. HP: 41/44 MP: 3/3
   918 | D:3      | Reached skill level 4 in Unarmed Combat
  1308 | D:2      | Found a faded altar of an unknown god.
  1514 | D:3      | Reached XP level 5. HP: 53/53 MP: 4/4
  1577 | D:3      | Gained mutation: Your system is resistant to poisons. (rPois) [potion of beneficial mutation]
  1801 | D:4      | Found a glowing golden altar of the Shining One.
  2267 | D:3      | Reached skill level 5 in Unarmed Combat
  2407 | D:5      | Entered Level 5 of the Dungeon
  2446 | D:4      | Reached XP level 6. HP: 49/61 MP: 5/5
  2447 | D:4      | Noticed Robin
  2559 | D:4      | Killed Robin
  2614 | D:4      | Noticed Sigmund
  2624 | D:4      | Killed Sigmund
  2624 | D:4      | Reached skill level 6 in Unarmed Combat
  2624 | D:4      | Reached XP level 7. HP: 32/70 MP: 6/6
  3476 | D:6      | Found a glowing drain.
  3503 | Sewer    | Entered a sewer
  3595 | Sewer    | Reached skill level 7 in Unarmed Combat
  3622 | Sewer    | Found a white marble altar of Elyvilon.
  3705 | D:6      | Found a sacrificial altar of Ru.
  3705 | D:6      | Found a radiant altar of Vehumet.
  3706 | D:6      | Found an iron altar of Okawaru.
  3708 | D:6      | Found a snail-covered altar of Cheibriados.
  3709 | D:6      | Found a stormy altar of Qazlal.
  3718 | D:6      | Became a worshipper of Warmaster Okawaru
  3718 | D:6      | Reached * piety under Okawaru
  3718 | D:6      | Reached ** piety under Okawaru
  3772 | D:5      | Reached XP level 8. HP: 79/79 MP: 7/7
  3779 | D:5      | Found a white marble altar of Elyvilon.
  3914 | D:5      | Reached skill level 1 in Invocations
  4073 | D:5      | Found a staircase to the Ecumenical Temple.
  4540 | D:6      | Noticed a white ugly thing
  4546 | D:6      | Slain by a white ugly thing

Skill      XL: |  1  2  3  4  5  6  7  8 |
---------------+-------------------------+-----
Fighting       | 3 4 |  4.9
Unarmed Combat | 4 5 6 7 |  7.7
Dodging        | 3 4 |  4.5
Invocations    | 1 |  1.2
Stealth        | |  1.0

Action                   |  1- 3 |  4- 6 |  7- 9 || total
-------------------------+-------+-------+-------++-------
Melee: Unarmed           |    82 |   167 |   144 ||   393
       Punch             |       |     4 |     6 ||    10
  Use: Scroll            |       |    10 |     5 ||    15
       Potion            |       |     1 |       ||     1
 Stab: Sleeping          |     1 |     3 |     4 ||     8
  Eat: Chunk             |    13 |    17 |    10 ||    40
Armor: Robe              |    22 |    46 |    37 ||   105
Dodge: Dodged            |    37 |    63 |    63 ||   163
